 Dungeon Crawl Stone Soup version 0.31-b1-18-g61460d1e46 (webtiles) character file.

Game seed: 6926651592067572418

12 Sobieck the Trooper (level 2, 29/29 (31) HPs)
             Began as an Oni Warper on Jan 16, 2024.
             Was an Initiate of Yredelemnul.
             Got out of the dungeon alive.
             The game lasted 00:01:17 (399 turns).

Sobieck the Trooper (Oni Warper)                     Turns: 399, Time: 00:01:17

HP:   29/29 (31)    AC:  3    Str: 20    XL:     2   Next: 33%
MP:   5/5           EV:  9    Int: 14    God:    Yredelemnul [......]
Gold: 19            SH:  0    Dex:  8    Spells: 5/5 levels left

rFire   . . .        h - +1 whip (freeze)
rCold   . . .        (no shield)
rNeg    . . .        c - +0 robe
rPois   .            (helmet restricted)
rElec   .            (no cloak)
rCorr   .            (gloves unavailable)
SInv    .            (boots unavailable)
Will    .....        (no amulet)
Stlth   +            d - +6 ring of strength
HPRegen 0.24/turn    (no ring)
MPRegen 0.09/turn

%: no passive effects
@: drained
A: large, unfitting armour, horns 1, tough skin 1, double potion healing,
drunken brawling
a: Renounce Religion, Recall Undead Harvest


You escaped.
You worshipped Yredelemnul.
Yredelemnul was noncommittal.
You visited 1 branch of the dungeon, and saw 1 of its levels.

You collected 19 gold pieces.

Inventory:

Hand Weapons
 a - a +0 mace
 h - a +1 whip of freezing (weapon)
Missiles
 k - 2 poisoned darts
 K - 7 darts of dispersal
Armour
 c - a +0 robe (worn)
 g - a +2 cloak
Jewellery
 d - a +6 ring of strength (left hand)
Scrolls
 b - a scroll of blinking
 e - 3 scrolls of identify {unknown}
Potions
 f - a potion of heal wounds {unknown}
 i - a potion of attraction {unknown}


   Skills:
 + Level 3.1 Fighting
 * Level 2.6 Maces & Flails
 - Level 1.0 Throwing
 - Level 2.1 Dodging
 - Level 2.4 Spellcasting
 - Level 2.6 Translocations


You had 5 spell levels left.
You didn't know any spells.
Your spell library contained the following spells:

 Spells                   Type           Power      Damage    Failure   Level
 Blink                    Tloc           18%        N/A       12%         2
 Lesser Beckoning         Tloc           18%        N/A       12%         2
 Teleport Other           Tloc           9%         N/A       22%         3
 Manifold Assault         Tloc           9%         N/A       58%         4
 Vhi's Electric Charge    Tloc/Air       10%        N/A       78%         4


Dungeon Overview and Level Annotations

Branches:
Dungeon (1/15)

Altars:
Yredelemnul


Innate Abilities, Weirdness & Mutations

You are too large for most types of armour.
You have a pair of small horns on your head.
You have tough skin. (AC +1)
You gain doubled healing and magic from potions.
Whenever you drink a healing potion, you attack all around you.


Message History

This altar belongs to (a) Yredelemnul, (b) Ru or (c) Okawaru, but you can't tell which.
Press the corresponding letter to learn more about a god, or press enter to convert or escape to cancel.
Okay, then.
Unknown command.
Press < or > to pray at altars.
This altar belongs to (a) Yredelemnul, (b) Ru or (c) Okawaru, but you can't tell which.
Press the corresponding letter to learn more about a god, or press enter to convert or escape to cancel.
Yredelemnul accepts your prayer! Yredelemnul welcomes you!
You can now reap souls.
You can now recall your undead harvest.
You swap places.
You swap places.
You enter the shallow water.
You enter the shallow water.
You swap places.
You swap places.
Found a flail.
Unknown command.
Unknown command.
A bat comes into view.
Danger!
The bat barely misses you.
You hit the bat but do no damage. Your headbutt misses the bat.
The bat barely misses you.
You hit the bat. You freeze the bat.
You kill the bat!
No target in view!
No target in view!
Found 16 gold pieces.
Found a hand axe.
Found a club.
Found a fuming pink potion.
You see here a +0 club.
i - a fuming pink potion
Okay, then.
You swap places.
You swap places.
You see here a +0 club.
You enter the shallow water.
There is an open gate here.
There is an open gate here.
There is an open gate here.
You enter the shallow water.
You enter the shallow water.
You enter the shallow water.
You see here a gnoll skeleton.
Your giant cockroach zombie bites something but does no damage.
Your adder zombie bites something.
Your giant cockroach zombie bites something but does no damage.
Something bites the bush but does no damage.
Something bites the bush but does no damage.
There is a staircase leading out of the dungeon here.
You have escaped!

#########.# #Z# #Z#
###.#. # #.# #.# #Z#
#.~## # #+# #Z#####Z#
#.~.# # #..ZZ.Z.#
#.#~~ # ##############
#..#. ##
###...........# #...†
.#### ###...###...###.
##.#.
....+##...####.....##
.....
.#####..#####..Z@...##
###.#. ## ##..##
##.........## #.## #
##..## ##...........##
# # ###..##
##......#......##
##..##
##......###......##
##.## ##......##
##......## #..#
##......## ##......##
#.####......##
##......###
...........##
##........


You could see a friendly bat zombie.

Vanquished Creatures
  A gnoll (D:1)
  2 bats (D:1)
  A frilled lizard (D:1)
  A spectral hobgoblin (D:1)
5 creatures vanquished.

Notes
Turn   | Place    | Note
-------+----------+-------------------------------------------
     0 | D:1      | Sobieck the Oni Warper began the quest for the Orb.
     0 | D:1      | Reached XP level 1. HP: 22/22 MP: 3/3
   118 | D:1      | Reached skill level 3 in Fighting
   118 | D:1      | Reached XP level 2. HP: 23/31 MP: 5/5
   217 | D:1      | Found a faded altar of an unknown god.
   226 | D:1      | Prayed at the altar of an unknown god.
   226 | D:1      | Became a worshipper of Yredelemnul the Dark
   226 | D:1      | Reached * piety under Yredelemnul
   399 | D:$      | Got out of the dungeon alive.

Illustrated notes

Levels and vault maps discovered:
D:1:      dpeg_arrival_central, layout_loops_corners, serial_forest,
          infiniplex_forest_side_room, infiniplex_forest_lined_3,
          infiniplex_forest_straight_1, infiniplex_forest_lined_3,
          infiniplex_forest_clump_small, infiniplex_forest_clump_C,
          infiniplex_forest_clump_tiny, infiniplex_forest_corner_1,
          dreamdust_ecumenical_altar_drowned_temple, serial_bayou_lagoon_a

Skill      XL: |  1 |
---------------+----+-----
Fighting       | 3 |  3.1
Maces & Flails | |  2.6
Throwing       | |  1.0
Dodging        | |  2.1
Spellcasting   | |  2.4
Translocations | |  2.6

Action                     || total
---------------------------++-------
  Melee: Mace              ||     5
         Headbutt          ||     1
         Whip              ||     6
 Armour: Robe              ||     8
  Dodge: Dodged            ||     7
